 Dungeon Crawl Stone Soup version 0.26-a0-683-g5206c1d7ac (console) character file.

Game seed: 6669093400898419976

695 Hempel the Cudgeler (level 7, -1/61 HPs)
             Began as a Minotaur Gladiator on Oct 22, 2020.
             Slain by a sky beast (5 damage)
             ... on level 4 of the Dungeon.
             The game lasted 00:13:49 (3863 turns).

Hempel the Cudgeler (Minotaur Gladiator)            Turns: 3863, Time: 00:13:50

Health: -1/61      AC:  3    Str: 20    XL:     7   Next: 37%
Magic:  6/6        EV: 14    Int:  5    God:
Gold:   173        SH:  0    Dex: 12    Spells: 6/6 levels left

rFire    . . .     SeeInvis .   a - +0 flail
rCold    . . .     Faith    .   (no shield)
rNeg     . . .     Spirit   .   b - +0 leather armour
rPois    .         Reflect  .   c - +0 hat
rElec    .         Harm     .   (no cloak)
rCorr    .         Rampage  .   (no gloves)
MR       .....                  (no boots)
Stlth    +.........             (no amulet)
HPRegen  0.20/turn              (no ring)
MPRegen  0.10/turn              (no ring)

@: no status effects
A: retaliatory headbutt, horns 2
a: no special abilities


You were on level 4 of the Dungeon.
You visited 1 branch of the dungeon, and saw 5 of its levels.

You collected 173 gold pieces.

Inventory:

Hand Weapons
 a - a +0 flail (weapon)
Missiles
 d - 3 throwing nets (quivered) {!f}
 w - 5 boomerangs
Armour
 b - a +0 leather armour (worn)
 c - a +0 hat (worn)
Jewellery
 t - an uncursed amulet of magic regeneration {unknown}
   (You found it on level 4 of the Dungeon)
Wands
 s - a wand of polymorph (7)
   (You found it on level 4 of the Dungeon)
Scrolls
 e - 3 scrolls of teleportation {unknown}
 f - 4 scrolls of remove curse {unknown}
 h - a scroll of identify {unknown}
 i - a scroll of enchant armour {unknown}
 j - a scroll of magic mapping {unknown}
 k - 3 scrolls of amnesia {unknown}
 l - 2 scrolls of fog {unknown}
 n - a scroll of enchant weapon {unknown}
 v - a scroll of noise {unknown}
Potions
 g - 2 potions of invisibility {unknown}
 m - 2 potions of brilliance {unknown}
 o - 2 potions of haste {unknown}
 p - 2 potions of might {unknown}
 q - a potion of flight {unknown}
 r - a potion of heal wounds {unknown}
 u - a potion of stabbing {unknown}
 x - a potion of curing {unknown}


   Skills:
 + Level 5.4 Fighting
 + Level 6.1 Maces & Flails
 + Level 4.4 Throwing
 + Level 5.4 Dodging


You had 6 spell levels left.
You didn't know any spells.
Your spell library was empty.

Dungeon Overview and Level Annotations

Branches:
Dungeon (5/15)
 Temple: D:4-7

Altars:
Ashenzari
Makhleb
Qazlal
Ru


Innate Abilities, Weirdness & Mutations

You reflexively headbutt those who attack you in melee.
You have a pair of horns on your head.


Message History

You hit the worker ant but do no damage.
The worker ant bites you. The worker ant closely misses you.
You hit the worker ant. The worker ant completely misses you.
You furiously retaliate!
You headbutt the worker ant. You barely miss the worker ant.
The worker ant barely misses you. You furiously retaliate!
You headbutt the worker ant!
You kill the worker ant!
You hit the ogre. The ogre closely misses you.
You hit the ogre. The ogre hits you with a +0 giant club!
* * * LOW HITPOINT WARNING * * *
The ogre misses you.
You barely miss the ogre. You headbutt the ogre! The ogre barely misses you.
You hit the ogre. You barely miss the ogre. Your headbutt misses the ogre.
The ogre closely misses you. You furiously retaliate!
You headbutt the ogre.
You kill the ogre!
Your Maces & Flails skill increases to level 6!
The gnoll throws a stone.
The stone hits you but does no damage.
The gnoll throws a stone.
The stone hits you.
* * * LOW HITPOINT WARNING * * *
The gnoll throws a stone.
The stone barely misses you.
You see here a stone.
A sky beast comes into view.
The gnoll barely misses you.
You hit the gnoll. The gnoll closely misses you.
You hit the gnoll. The gnoll misses you.
You hit the gnoll but do no damage. The gnoll misses you.
You furiously retaliate!
You headbutt the gnoll!
You kill the gnoll!
The sky beast flickers out of sight!
Deactivating autopickup; reactivate with Ctrl-A.
You completely miss something. You headbutt something! Something hits you.
* * * LOW HITPOINT WARNING * * *
Something shocks you.
* * * LOW HITPOINT WARNING * * *
Something hits you.
* * * LOW HITPOINT WARNING * * *
Something shocks you.
* * * LOW HITPOINT WARNING * * *
There is a stone staircase leading up here.
Something hits you.
* * * LOW HITPOINT WARNING * * *
Something shocks you.
* * * LOW HITPOINT WARNING * * *
You climb upwards.
Reactivating autopickup.
There is a stone staircase leading down here.
Something completely misses you.
A sky beast appears from thin air!
You open the door. The sky beast hits you.
* * * LOW HITPOINT WARNING * * *
The sky beast shocks you.
You die...

.# #......# .# #.####.# .#
#.# #.# .# #.# #.# .#
#######.####.# #########
#.......#....#
###.....########.#######.####
.##............#.# #.#
.##............#.# #.#
.##............#.##### #.#
..'............'@Y..># #.#
..#............#.###.# #.#
...............#.# #.# #.#
.#..........####.###.# #.#
.#...................# #.#
.#..###.....####.#######.#
............'.##.#.......#
.#...##.....#.##.#.#######
##..........#.##.#....)#
.....#[.#####.##.#####.#
##.#.#..#####.##.#...#.##


You could see a sky beast.

Vanquished Creatures
  4 ogres
  3 hounds (D:4)
  5 worker ants
  A worker ant zombie (D:4)
  A gnoll (D:5)
  7 adders
  An ooze (D:2)
  A worm (D:4)
  A dart slug (D:2)
  6 orcs (D:4)
  A ball python (D:4)
  6 giant cockroaches
  6 hobgoblins
  2 quokkas (D:3)
  5 bats
  4 frilled lizards
  8 goblins
  A jackal skeleton (D:2)
  2 kobolds (D:1)
  6 rats
71 creatures vanquished.

Notes
Turn   | Place    | Note
-------+----------+-------------------------------------------
     0 | D:1      | Hempel the Minotaur Gladiator began the quest for the Orb.
     0 | D:1      | Reached XP level 1. HP: 18/18 MP: 0/0
   495 | D:1      | Reached XP level 2. HP: 25/25 MP: 1/1
  1108 | D:2      | Reached skill level 4 in Maces & Flails
  1179 | D:2      | Reached XP level 3. HP: 31/31 MP: 2/2
  1292 | D:2      | Found a sacrificial altar of Ru.
  1365 | D:2      | Found a faded altar of an unknown god.
  1452 | D:2      | Found a stormy altar of Qazlal.
  1688 | D:3      | Reached XP level 4. HP: 32/38 MP: 3/3
  2244 | D:4      | Noticed an ogre
  2251 | D:4      | Killed an ogre
  2251 | D:4      | Reached XP level 5. HP: 25/46 MP: 4/4
  2610 | D:4      | Noticed an ogre
  2626 | D:4      | Killed an ogre
  2626 | D:4      | Reached skill level 5 in Maces & Flails
  2626 | D:4      | Reached XP level 6. HP: 37/53 MP: 5/5
  2894 | D:4      | Found a broken altar of Ashenzari.
  3384 | D:4      | Reached skill level 5 in Dodging
  3418 | D:4      | Found a burning altar of Makhleb.
  3423 | D:4      | Reached skill level 5 in Fighting
  3794 | D:5      | Entered Level 5 of the Dungeon
  3812 | D:5      | Reached XP level 7. HP: 44/61 MP: 6/6
  3837 | D:5      | Reached skill level 6 in Maces & Flails
  3863 | D:4      | Slain by a sky beast

Illustrated notes

Levels and vault maps discovered:
D:1:      lightli_arrival_statue_moat, layout_loops_corners
D:2:      layout_rooms, lemuel_crystal_altar, nicolae_qazlal_eye_of_the_storm,
          chequers_ecumenical_altar_island, minmay_pentomino_pile
D:3:      layout_basic, minmay_misc_feat_roman, glass_columns_b
D:4:      layout_basic, ashenzari_altar_1, makhleb_heckhound_becter,
          minmay_crystal_water
D:5:      layout_loops_cross, lemuel_doored_altar,
          hangedman_abyss_or_decor_passed, minmay_circle_x

Skill      XL: |  1  2  3  4  5  6  7 |
---------------+----------------------+-----
Maces & Flails | 4 5 6 |  6.1
Fighting       | 3 4 5 |  5.4
Dodging        | 4 5 |  5.4
Throwing       | 3 4 |  4.4

Action                   |  1- 3 |  4- 6 |  7- 9 || total
-------------------------+-------+-------+-------++-------
Melee: Flail             |    58 |    94 |    13 ||   165
       Headbutt          |     9 |    13 |     2 ||    24
Throw: Throwing net      |     2 |     1 |       ||     3
Armor: Leather armour    |     9 |    21 |     1 ||    31
Dodge: Dodged            |    43 |    75 |    16 ||   134

Table legend: (Time is in decaauts)
 A = Elapsed time spent in this place.
 B = Non-inter-level travel time spent in this place.
 C = Inter-level travel time spent in this place.
 D = Time resting spent in this place.
 E = Time spent auto-exploring this place.
 F = Levels seen in this place.
 G = Mean time per level.
                   A        B        C        D        E       F      G
               +--------+--------+--------+--------+--------+-----+--------+
         Total |   3894 |   3819 |     75 |    236 |   2835 |   5 |  778.8 |
       Dungeon |   3894 |   3819 |     75 |    236 |   2835 |   5 |  778.8 |
               +--------+--------+--------+--------+--------+-----+--------+

Top non-repeatable levels by time:
     D:4: 1569 daAuts
     D:1: 1041 daAuts
     D:3: 764 daAuts
     D:2: 455 daAuts
     D:5: 64 daAuts
